woodfighter, chaotic female orcish Cavewoman --- --- |.-- ---.-- ---|..---....| ----- |..|.........-- |.|.----..--.........| --.%..-|...--........-- .%%...'|.---........-| -----....-|...----.*.-- --.....|...| --.<.| |.........-| |..-- --..--.....| ---- -------^..--- ---.....-- -----........| |...........)| |............| ----.--.------ ------ woodfighter the Young Cave Woman Experience level: 6 Strength: 18/01 Dexterity: 12 Constitution: 17 Intelligence: 12 Wisdom: 8 Charisma: 7 Health: 0(51) Energy: 19(19) Def: 2 Gold: 410 Moves: 2758 Dungeon seed: EILuY3Tk80caLpC3 Game ID: woodfighter_1475504314 Your Inventory: Coins $ - 410 gold pieces Weapons a - a +1 club (weapon in hand) b - a +2 sling (alternate weapon; not wielded) Armor n - an uncursed +0 pair of iron shoes q - an uncursed +0 leather armor (being worn) v - a blessed +0 pair of iron shoes y - a cursed -1 dwarvish cloak z - an uncursed +1 dwarvish mithril-coat A - an uncursed +0 dwarvish cloak D - a cursed +0 mummy wrapping J - an uncursed +0 orcish helm K - an uncursed +0 mummy wrapping L - an uncursed +2 dwarvish cloak N - an uncursed +0 dwarvish iron helm Y - an uncursed +0 dwarvish cloak Comestibles d - 3 uncursed food rations h - an uncursed eucalyptus leaf i - 3 uncursed lichen corpses x - 2 uncursed fortune cookies Scrolls g - an uncursed scroll of identify s - an uncursed scroll of taming w - a cursed scroll of identify I - a cursed scroll of teleportation Potions f - an uncursed potion of confusion j - a cursed potion of polymorph o - an uncursed potion of speed u - an uncursed potion of water E - an uncursed potion of gain ability Wands k - a wand of enlightenment (0:13) l - a wand of light (0:15) t - a wand of make invisible (0:2) C - a wand of make invisible (0:4) G - a wand of locking (0:8) M - a wand of striking (0:7) Tools p - an uncursed towel r - an uncursed oil lamp (0:1489) O - a cursed tallow candle (0:200) Gems e - 12 uncursed flints (in quiver) Spells and supernatural/magical abilities: Name Level Category Fail Memory W - pray for help -- divine ? -- Your skills at the end: Miscellaneous Skills bare handed combat [Basic] Weapon Skills scimitar [Basic] club [Basic] sling [Basic] Spellcasting Skills Final Attributes: You were piously aligned. You were poison resistant. You had infravision. You were invisible. You were held by a rope golem. You are dead. Vanquished creatures: a gnome king a dwarf mummy a bugbear a fog cloud 5 gnome lords 2 gnomish wizards a kobold mummy a guardian naga hatchling an elf zombie 5 dwarves a homunculus 2 iguanas 4 hill orcs a rothe a giant bat 2 hobbits 2 large kobolds 19 gnomes 2 jackals 2 kobolds 7 newts a goblin a sewer rat 2 grid bugs 5 lichens a kobold zombie 72 creatures vanquished. Voluntary challenges: You did not adorn yourself with jewelry or accessories. You did not cause conflict. You did not have reflection. You were not displaced. You were an atheist. You used a wielded weapon 95 times, starting on turn 9. You did not use containers. You did not apply a unicorn horn. You did not use plumbed fixtures. You did not drink any magical draughts. You were illiterate. You never genocided any monsters. You never polymorphed an object. You never changed form. You used no wishes. You never split a pudding. You never wrote Elbereth's name. You never violated your personal moral code. Dungeon overview: The Dungeons of Doom: levels 1 to 4 Level 1 a long staircase Level 2 Level 3 stairs to The Gnomish Mines Level 4 The Gnomish Mines: levels 4 to 6 Level 4 stairs to The Dungeons of Doom Level 5 Level 6 <- You were here History has recorded: On T:1 you entered the Dungeons of Doom to retrieve the Amulet of Yendor! On T:45 you reached level 2 of The Dungeons of Doom. On T:450 you reached level 3 of The Dungeons of Doom. On T:635 you advanced to experience level 2. On T:840 you reached level 1 of The Gnomish Mines. On T:976 you reached level 4 of The Dungeons of Doom. On T:983 you advanced to experience level 3. On T:1231 you advanced to experience level 4. On T:1505 you reached level 2 of The Gnomish Mines. On T:1542 you advanced to experience level 5. On T:2069 you advanced to experience level 6. On T:2133 you reached level 3 of The Gnomish Mines. Score breakdown: Gold: 410 ( 41 points) Experience: 6 levels ( 500 points) Exploration: 6 levels ( 150 points) Discoveries: 19 items ( 950 points) Variety of kills: 26 monsters ( 1300 points) Major goal: (nothing yet) ( 0 points) Survival: died (score multiplied by 3) Total score: 8823 Latest messages: You see here a gnome corpse. You kill the dwarf! You have a little trouble lifting L - a hooded cloak. You have a little trouble lifting M - a crystal wand. You have a little trouble lifting O - a candle. There are a few more objects here. Your movements are slowed slightly because of your load. The gnome bumps right into you! You kill the gnome! There are a few objects here. You have a little trouble lifting d - an uncursed food ration. There are a few objects here. You see here a gnome corpse. You stop exploring. The rope golem claws you! (2x) The rope golem grabs you! A rope golem blocks your way. You hit the rope golem! (2x) The rope golem claws you! (2x) You are being choked. You hit the rope golem! The rope golem claws you! (2x) You are being choked. The rope golem claws you! (2x) You are being choked. You die... Final status: Goodbye woodfighter the Cavewoman, killed by a rope golem... You died in The Gnomish Mines on dungeon level 6 with 8823 points, and 410 pieces of gold, after 2758 moves. You were level 6 with a maximum of 51 hit points when you died.